Map: Mothership LE

Players

Geralt (Gerald)

  • Race: Protoss Protoss
  • League: Grandmaster
  • Spawn Location: 6:00

Kelazhur - Winner!

  • Race: Terran Terran
  • League: Master
  • Spawn Location: 9:00

VOD

Have the link to the VOD?

Description

Time

  • Played on: Jan. 30, 2026, 9:46 a.m.
  • Length: 13:44
Show
View Real Time Build Order
Export as new Build Order

Geralt Protoss 

Build Orders: 1 Gate Expand, Blink Stalkers 

Get SALT Encoding   

  12  0:00  Probe  
  13  0:12  Probe  
  14  0:19  Pylon  
  14  0:23  Probe  
  15  0:33  Probe  
  15  0:37  Gateway  
  15  0:41  Probe  
  16  0:46  Assimilator  
  17  0:54  Probe  
  18  1:06  Probe  
  19  1:18  Probe  
  20  1:24  Cybernetics Core  
  20  1:30  Probe  
  21  1:37  Nexus  
  21  1:42  Probe  
  21  1:46  Pylon  
  22  1:50  Assimilator  
  22  1:54  Probe, Adept  
  23  2:03  Warp Gate  
  25  2:08  Probe  
  25  2:13  Stalker  
  26  2:20  Probe  
  28  2:33  Probe, Twilight Council  
  29  2:39  Shield Battery  
  29  2:43  Stalker  
  29  2:50  Probe  
  32  2:53  Blink  
  32  3:03  Probe  
  33  3:08  Probe  
  34  3:16  Probe  
  33  3:20  Probe  
  33  3:26  Gateway  
  34  3:28  Gateway, Probe  
  34  3:33  Probe  
  36  3:40  Pylon  
  36  3:44  Probe  
  37  3:50  Probe  
  37  3:52  Sentry  
  40  3:57  Probe  
  42  4:02  Probe  
  42  4:10  Probe  
  42  4:14  Probe  
  43  4:22  Probe, Stalker  
  44  4:27  Probe  
  45  4:33  Nexus  
  45  4:34  Probe  
  45  4:35  Charge  
  46  4:42  Gateway  
  46  4:43  Gateway  
  46  4:45  Stalker x2  
  51  4:48  Stalker  
  52  4:53  Probe x2  
  53  5:05  Probe  
  54  5:09  Pylon  
  54  5:10  Pylon  
  54  5:19  Templar Archives  
  54  5:20  Pylon  
  54  5:27  Probe x2  
  56  5:32  Gateway  
  56  5:33  Gateway  
  56  5:36  Pylon, Gateway  
  56  5:40  Probe x2  
  56  5:42  Pylon  
  58  5:46  Probe  
  59  5:56  Psionic Storm  
  59  5:57  Probe  
  59  6:03  Probe x2  
  62  6:04  Gateway  
  62  6:10  Probe  
  62  6:11  Zealot  
  65  6:15  Probe  
  65  6:16  Probe  
  67  6:18  High Templar  
  67  6:21  Zealot x3  
  67  6:22  Probe  
  67  6:23  Pylon  
  76  6:27  Probe  
  76  6:30  Probe  
  78  6:33  High Templar  
  78  6:34  Zealot x3, Probe  
  78  6:39  Probe  
  88  6:42  Probe  
  88  6:45  Zealot x3  
  95  6:50  Probe  
  96  6:54  Zealot x4  
  96  6:56  Probe  
  105  7:01  High Templar  
  105  7:07  Pylon, Zealot x4  
  115  7:12  Pylon  
  115  7:22  Nexus  
  115  7:29  High Templar, Zealot x2  
  121  7:30  Zealot x2  
  124  7:39  Probe x2  
  124  7:40  Probe  
  125  7:47  Zealot x4  
  133  7:56  Pylon x2  
  131  7:58  Zealot  
  131  8:05  Zealot x4  
  125  8:06  Probe  
  125  8:07  Probe  
  129  8:15  Probe  
  129  8:18  Probe  
  129  8:19  Probe, Zealot  
  134  8:20  Zealot x3  
  134  8:21  Forge  
  134  8:22  Pylon  
  134  8:24  Forge  
  138  8:27  Probe  
  138  8:30  Zealot x2  
  138  8:31  Zealot, Probe x2  
  147  8:38  Protoss Ground Weapons Level 1, Protoss Ground Armor Level 1, Pylon  
  147  8:39  Probe  
  148  8:43  Probe x2  
  148  8:48  Probe  
  119  8:51  Probe  
  119  8:52  High Templar  
  109  9:03  Zealot  
  109  9:04  Zealot x3  
  109  9:09  High Templar, Zealot x3  
  122  9:10  Nexus, Probe x2  
  122  9:11  Pylon  
  124  9:18  Pylon  
  124  9:28  High Templar, Zealot  
  124  9:29  Zealot x5  
  138  9:38  Probe  
  139  9:45  Assimilator  
  139  9:46  Assimilator  
  139  9:51  Zealot x8  
  148  9:57  Robotics Facility  
  143  10:00  Pylon  
  135  10:12  Photon Cannon  
  135  10:13  Zealot  
  135  10:14  Zealot x8  
  139  10:15  Shield Battery  
  139  10:19  Photon Cannon  
  145  10:21  Protoss Ground Weapons Level 2, Protoss Ground Armor Level 2, Gateway  
  145  10:23  Probe  
  145  10:24  Gateway  
  145  10:27  Probe  
  147  10:33  Probe  
  147  10:34  Gateway  
  146  10:36  Gateway, Probe  
  146  10:37  Probe  
  146  10:39  Assimilator  
  146  10:41  Assimilator  
  148  10:46  High Templar  
  148  10:47  Zealot x5  
  148  11:00  Probe  
  148  11:02  Warp Prism  
  148  11:04  Gateway  
  145  11:10  Zealot x8  
  163  11:20  Pylon  
  159  11:25  Assimilator  
  159  11:27  Pylon  
  159  11:29  Warp Prism  
  159  11:35  Zealot x9  
  159  11:38  Nexus  
  177  11:47  Pylon  
  175  12:00  Warp Prism  
  145  12:09  High Templar, Zealot x12  
  173  12:16  Probe  
  174  12:27  Pylon  
  152  12:39  Zealot x12  
  152  12:45  Warp Prism  
  126  12:59  Stalker  
  126  13:00  Stalker x11  
  126  13:01  High Templar  
  137  13:20  Probe  
  137  13:21  Probe x3  
  137  13:24  Zealot x3  
  137  13:25  Zealot x3  
Show
View Real Time Build Order
Export as new Build Order

Kelazhur Terran - Winner!

Build Orders: Reaper Expand 

Get SALT Encoding   

  12  0:00  SCV  
  13  0:12  SCV  
  14  0:17  Supply Depot  
  14  0:24  SCV  
  15  0:38  SCV  
  15  0:40  Barracks  
  16  0:43  Refinery  
  16  0:50  SCV  
  17  1:02  SCV  
  18  1:15  SCV  
  19  1:27  Reaper, Orbital Command  
  20  1:40  Command Center  
  20  1:47  Supply Depot  
  20  1:52  SCV  
  21  1:59  Marine  
  22  2:04  Factory  
  22  2:15  Refinery  
  22  2:17  SCV  
  22  2:20  Barracks Reactor  
  23  2:27  Bunker  
  23  2:29  SCV  
  24  2:41  SCV  
  25  2:47  Hellion  
  27  2:53  Orbital Command, SCV  
  28  2:59  Marine  
  28  3:00  Marine  
  30  3:05  SCV  
  30  3:17  SCV  
  30  3:18  Factory Tech Lab  
  31  3:21  SCV, Engineering Bay  
  31  3:22  Engineering Bay  
  31  3:26  Marine  
  33  3:30  SCV, Marine  
  33  3:33  SCV  
  36  3:38  Cyclone  
  39  3:42  SCV  
  39  3:45  SCV  
  39  3:47  Supply Depot  
  41  3:54  SCV  
  42  3:58  SCV  
  42  3:59  Terran Infantry Weapons Level 1, Terran Infantry Armor Level 1  
  43  4:06  SCV  
  44  4:10  SCV  
  44  4:13  Marine x2  
  44  4:14  Supply Depot  
  44  4:15  Siege Tank  
  50  4:20  SCV  
  50  4:22  SCV  
  52  4:32  SCV, Barracks  
  52  4:33  Barracks  
  52  4:34  SCV  
  53  4:41  Armory  
  53  4:44  SCV  
  53  4:45  Marine x2  
  55  4:46  Supply Depot  
  55  4:48  Siege Tank  
  59  4:54  Supply Depot  
  59  4:55  SCV  
  59  4:57  SCV  
  61  5:02  Refinery  
  61  5:05  Refinery  
  60  5:07  SCV, Marine x2  
  60  5:09  SCV  
  63  5:17  Supply Depot  
  63  5:19  SCV  
  63  5:21  Barracks Tech Lab, SCV  
  64  5:22  Barracks Tech Lab  
  65  5:31  SCV  
  65  5:32  Stimpack  
  65  5:33  SCV  
  65  5:34  Marauder, Marine  
  65  5:35  Marine  
  71  5:40  Combat Shield, Marine  
  72  5:43  SCV, Factory Reactor  
  72  5:44  Starport  
  72  5:48  Command Center  
  73  5:54  Marine x2  
  74  6:00  Marauder x2  
  74  6:02  Supply Depot  
  77  6:05  Terran Infantry Weapons Level 2, Supply Depot  
  77  6:10  Terran Infantry Armor Level 2  
  77  6:13  SCV x2  
  77  6:18  Marine x2  
  81  6:28  Marauder x2, Medivac  
  81  6:31  Medivac  
  89  6:36  Factory Reactor  
  89  6:38  Barracks, SCV  
  89  6:39  SCV  
  91  6:40  Marine, Barracks  
  91  6:41  Marine  
  91  6:45  Supply Depot  
  93  6:52  Marauder x2  
  97  6:57  SCV x2  
  97  6:58  Medivac  
  97  7:01  Marine x2, Medivac  
  102  7:03  Orbital Command  
  102  7:07  Concussive Shells  
  105  7:10  SCV x2  
  105  7:14  Marauder x2  
  111  7:17  Widow Mine x2  
  111  7:21  Marine x2  
  117  7:24  SCV x2  
  117  7:28  Barracks Tech Lab, Barracks Reactor  
  120  7:36  SCV  
  120  7:39  Orbital Command  
  120  7:40  Missile Turret  
  120  7:41  Missile Turret  
  120  7:42  Missile Turret  
  120  7:44  Supply Depot  
  120  7:45  Supply Depot  
  120  7:46  Marine, Missile Turret, Marauder  
  120  7:49  Marauder  
  125  7:58  Marine, Marauder  
  124  8:04  Marine  
  124  8:05  SCV  
  125  8:06  SCV  
  125  8:07  Marine  
  125  8:09  Marine x2  
  125  8:11  Marauder  
  131  8:16  SCV  
  131  8:17  SCV  
  131  8:19  Widow Mine, Marauder  
  133  8:20  Widow Mine  
  133  8:22  SCV  
  133  8:25  Marauder  
  136  8:28  Terran Infantry Armor Level 3, SCV  
  136  8:29  SCV  
  138  8:34  SCV  
  138  8:37  Marauder  
  138  8:41  Marine, SCV  
  141  8:43  Marauder  
  141  8:44  Marine x2  
  141  8:45  Marine  
  141  8:46  Marauder  
  132  8:52  Terran Infantry Weapons Level 3  
  132  8:58  Marauder  
  132  8:59  Ghost Academy, Marine  
  132  9:00  Supply Depot  
  132  9:01  Supply Depot  
  135  9:03  Refinery  
  135  9:04  Marine x2, Refinery  
  135  9:06  Medivac  
  135  9:08  Medivac  
  141  9:12  Bunker  
  141  9:18  Supply Depot  
  141  9:22  Marine, Marauder x2  
  141  9:24  Supply Depot  
  146  9:25  Marauder  
  146  9:27  Widow Mine x2  
  146  9:30  Marine x2  
  154  9:38  Command Center  
  154  9:40  Supply Depot  
  154  9:41  Marine  
  153  9:52  Medivac  
  153  9:53  Medivac, Widow Mine x2  
  153  9:57  Ghost  
  153  9:58  Ghost x2  
  165  10:02  SCV x3  
  164  10:15  Widow Mine x2  
  164  10:17  Marine x4  
  172  10:29  Ghost  
  172  10:35  Ghost x2  
  172  10:36  Marine x3  
  172  10:38  Supply Depot  
  172  10:40  Supply Depot  
  168  10:58  Ghost  
  168  10:59  Marine  
  168  11:00  Marine x3  
  168  11:01  Widow Mine x2  
  170  11:04  Marauder  
  170  11:09  SCV  
  170  11:10  SCV x2  
  172  11:15  Marauder  
  174  11:19  Liberator x2  
  174  11:21  Marine x4  
  174  11:22  SCV x3, Barracks  
  174  11:24  Barracks x2  
  185  11:26  Marauder  
  185  11:27  Sensor Tower  
  185  11:28  Marauder  
  189  11:35  Planetary Fortress  
  189  11:36  Marauder  
  190  11:42  Widow Mine x2  
  190  11:43  Missile Turret  
  190  11:44  Marine  
  190  11:45  Marine x3  
  198  11:47  Marauder  
  195  12:05  Marine x4, Marauder x2  
  185  12:09  Marauder  
  187  12:16  Widow Mine x2  
  187  12:17  Barracks Tech Lab  
  187  12:18  Barracks Tech Lab x2  
  191  12:23  Marine x3  
  191  12:27  Marauder  
  196  12:33  Command Center  
  181  12:39  Marine, Marauder  
  181  12:40  Widow Mine x2  
  181  12:43  Marine x3  
  181  12:44  Marauder, Marine  
  190  12:55  Marine, Marauder x2  
  190  12:57  Marine  
  193  13:00  Marine  
  193  13:01  Marine x2, Widow Mine x2  
  200  13:06  Fusion Core  
  200  13:07  Starport  
  200  13:11  Command Center  
Tags
 
Add a new tag
Caveats
  • Supply blocks, unpowered buildings, or Contaminate may cause inaccurate times.
  • Supply counts are checked every 10 seconds.